Map: Cerulean Fall LE

Players

llllIIIIllll - Winner!

  • Race: Terran Terran
  • League: Master
  • Spawn Location: 7:00

SewerMermaid

  • Race: Protoss Protoss
  • League: Master
  • Spawn Location: 1:00

VOD

Have the link to the VOD?

Description

Time

  • Played on: Sept. 1, 2018, 5:56 p.m.
  • Length: 27:47
Show
View Real Time Build Order
Export as new Build Order

llllIIIIllll Terran - Winner!

Build Orders: Cyclone Opening, MMM Bio 

Get SALT Encoding   

  12  0:01  SCV  
  13  0:13  SCV  
  14  0:18  Supply Depot  
  14  0:25  SCV  
  15  0:33  Refinery  
  15  0:45  Barracks  
  15  0:48  SCV  
  16  1:00  SCV  
  17  1:05  Refinery  
  17  1:12  SCV  
  18  1:33  Factory  
  18  1:34  Orbital Command  
  18  1:37  Barracks Tech Lab  
  18  1:54  Supply Depot  
  18  1:59  Marauder  
  20  2:10  Concussive Shells  
  20  2:25  Supply Depot  
  20  2:39  Cyclone  
  23  2:49  Marauder  
  22  3:30  Orbital Command  
  21  4:04  Starport  
  21  4:12  Refinery  
  21  4:22  Supply Depot  
  21  4:42  Refinery  
  21  4:44  SCV  
  22  4:47  Supply Depot  
  22  4:56  SCV  
  23  5:05  Engineering Bay  
  23  5:08  Cyclone, Medivac  
  23  5:13  Supply Depot  
  28  5:16  SCV  
  29  5:26  Marauder  
  31  5:35  Stimpack, SCV  
  32  5:48  Missile Turret  
  32  6:05  SCV  
  32  6:10  Barracks  
  30  6:35  SCV  
  30  6:38  Barracks  
  31  6:41  Supply Depot  
  31  6:49  Starport Reactor, Widow Mine  
  31  6:52  SCV  
  31  6:58  Barracks Reactor  
  31  7:04  SCV  
  32  7:14  Widow Mine  
  34  7:24  SCV  
  34  7:26  Barracks Tech Lab  
  34  7:28  Supply Depot, Viking  
  34  7:29  Viking  
  39  7:40  Combat Shield  
  39  7:42  Widow Mine  
  41  7:46  Marine x3  
  41  7:48  SCV  
  43  8:02  Marine  
  43  8:03  Marine  
  43  8:04  Marine  
  46  8:28  Engineering Bay  
  46  8:41  Viking x2  
  48  8:48  Marine x4  
  44  9:02  Missile Turret  
  44  9:06  SCV, Marine x3  
  48  9:24  Missile Turret  
  48  9:25  Medivac  
  50  9:33  Command Center  
  50  9:34  SCV  
  51  9:45  Missile Turret  
  51  10:09  Supply Depot  
  51  10:11  Supply Depot  
  51  10:13  Supply Depot  
  51  10:16  Supply Depot  
  51  10:30  Marine x4  
  54  10:48  Marine  
  54  10:49  Marauder  
  57  10:58  Orbital Command  
  56  11:06  Marine x3  
  56  11:07  Viking  
  56  11:08  Viking  
  63  11:30  Marine  
  63  11:31  Marine x3  
  67  11:45  Viking x2  
  71  11:48  Marine x2  
  71  11:53  Refinery  
  73  11:56  Marine x2  
  75  12:15  Medivac  
  77  12:18  Refinery  
  77  12:23  Terran Infantry Weapons Level 1  
  77  12:32  Orbital Command  
  77  12:38  Missile Turret  
  77  13:00  Supply Depot  
  77  13:04  Supply Depot, Medivac  
  73  13:20  Marine x2  
  73  13:24  SCV x2  
  77  13:31  Marine  
  77  13:32  Marine  
  79  13:35  Barracks  
  79  13:36  SCV  
  79  13:37  Factory Reactor  
  79  13:40  Medivac x2  
  84  13:47  SCV  
  82  13:48  SCV  
  74  13:59  SCV  
  74  14:00  SCV  
  76  14:12  SCV  
  76  14:13  SCV  
  78  14:18  Marine x4  
  78  14:19  Widow Mine  
  78  14:20  Widow Mine  
  78  14:24  SCV  
  87  14:25  SCV  
  86  14:31  Medivac  
  86  14:35  Marine  
  86  14:36  SCV, Marine x3  
  86  14:38  Missile Turret  
  93  14:40  Missile Turret  
  93  14:42  SCV  
  93  15:15  Widow Mine  
  92  15:39  SCV  
  92  15:40  SCV  
  92  15:42  Refinery x2  
  94  15:51  SCV  
  94  15:52  SCV, Command Center  
  94  15:56  Barracks Reactor  
  94  16:06  SCV  
  94  16:29  Starport  
  94  16:30  Starport  
  94  16:59  Armory  
  94  17:08  Orbital Command  
  94  17:13  Refinery  
  94  17:16  Barracks Reactor  
  94  17:18  Starport Reactor  
  94  17:19  Starport Reactor  
  93  17:53  Supply Depot x2  
  93  17:55  Supply Depot  
  93  17:59  Supply Depot  
  93  18:01  Supply Depot  
  93  18:02  Supply Depot  
  93  18:18  Terran Ship Weapons Level 1  
  93  18:22  SCV x2, Viking x2  
  93  18:23  Marauder, Viking x4  
  109  18:40  Supply Depot  
  109  18:41  Supply Depot  
  109  18:42  Supply Depot  
  109  19:01  SCV x3, Marine, Viking  
  115  19:13  SCV x3  
  115  19:14  Supply Depot  
  115  19:15  Supply Depot  
  118  19:20  Viking x2  
  118  19:22  Viking x2  
  118  19:24  Marauder  
  128  19:25  SCV  
  128  19:26  SCV x2  
  131  19:38  SCV  
  132  19:42  SCV x2  
  132  19:45  Engineering Bay  
  134  19:50  SCV  
  134  19:51  Supply Depot  
  133  19:54  SCV  
  134  20:02  Marauder  
  134  20:05  SCV x2  
  134  20:06  SCV  
  139  20:07  Refinery  
  137  20:14  Viking x2  
  137  20:17  Terran Ship Weapons Level 2  
  141  20:23  SCV  
  141  20:24  SCV  
  143  20:36  Marauder  
  143  20:37  Viking x3  
  143  20:42  SCV  
  152  20:52  Viking x2  
  152  20:55  SCV  
  157  21:07  Missile Turret  
  157  21:24  SCV, Viking  
  157  21:32  Command Center  
  157  21:50  SCV x2  
  157  21:51  SCV  
  157  22:03  Supply Depot x3  
  157  22:05  SCV x2  
  157  22:17  Starport, Fusion Core  
  157  22:18  Starport  
  157  22:24  SCV, Viking x3  
  157  22:25  SCV x2, Viking  
  168  22:31  Viking x2  
  168  22:34  Terran Vehicle And Ship Armor Level 1  
  168  22:37  SCV x3  
  175  22:45  Orbital Command  
  175  22:49  SCV x2  
  177  22:52  Fusion Core  
  173  23:12  SCV  
  175  23:17  Command Center  
  173  23:28  Viking x2  
  173  23:29  Starport Tech Lab x2  
  177  23:43  Orbital Command  
  177  23:44  Refinery, SCV x3  
  177  23:45  Refinery  
  177  23:48  Battlecruiser x2  
  192  23:55  Starport, Weapon Refit  
  192  23:56  SCV  
  193  24:02  Barracks Tech Lab  
  193  24:13  SCV x2  
  195  24:39  Starport, SCV x2  
  195  24:40  SCV  
  195  24:43  Starport Tech Lab x2, SCV  
  199  24:51  SCV  
  200  25:18  Starport Tech Lab  
  200  25:25  Planetary Fortress  
  200  25:27  Command Center  
  197  26:02  Battlecruiser x2  
  197  26:03  Battlecruiser  
  183  26:05  Battlecruiser  
  183  26:07  Armory  
  189  26:12  Refinery  
  189  26:20  Starport  
  187  26:32  SCV  
  188  26:37  Armory  
  188  26:38  Armory  
  188  26:44  SCV  
  177  26:56  SCV  
  177  27:00  Planetary Fortress  
  172  27:04  Missile Turret  
Show
View Real Time Build Order
Export as new Build Order

SewerMermaid Protoss 

Build Orders:  

Get SALT Encoding   

  12  0:01  Probe  
  13  0:13  Probe  
  14  0:25  Probe  
  14  0:26  Pylon  
  15  0:44  Probe  
  15  0:46  Forge  
  16  0:56  Probe  
  17  1:02  Pylon  
  17  1:08  Probe  
  18  1:20  Probe, Pylon  
  18  1:24  Gateway  
  19  1:29  Gateway  
  19  1:41  Photon Cannon  
  19  1:49  Pylon  
  19  2:03  Photon Cannon  
  19  2:04  Zealot  
  19  2:08  Pylon, Zealot  
  23  2:27  Photon Cannon  
  23  2:41  Photon Cannon  
  23  2:47  Photon Cannon  
  23  2:54  Zealot  
  25  3:04  Photon Cannon  
  25  3:13  Pylon  
  25  3:22  Cybernetics Core  
  22  3:42  Assimilator  
  22  3:46  Assimilator  
  18  3:52  Probe  
  19  4:02  Probe  
  20  4:10  Probe  
  21  4:18  Probe  
  22  4:31  Pylon  
  22  4:38  Nexus  
  22  4:43  Stargate  
  22  5:04  Stargate  
  22  5:10  Probe  
  22  5:12  Shield Battery  
  23  5:21  Pylon  
  23  5:22  Void Ray  
  27  5:50  Void Ray  
  27  5:51  Probe  
  27  5:52  Assimilator  
  27  5:55  Assimilator  
  28  6:03  Probe  
  24  6:51  Void Ray  
  28  6:54  Probe, Void Ray  
  29  7:06  Probe  
  29  7:07  Probe  
  35  7:16  Probe  
  35  7:20  Probe  
  37  7:47  Photon Cannon  
  33  8:01  Void Ray  
  37  8:11  Shield Battery  
  37  8:14  Photon Cannon  
  37  8:23  Shield Battery  
  33  8:39  Pylon  
  33  8:50  Probe  
  33  8:51  Probe  
  35  9:02  Probe  
  36  9:03  Probe  
  37  9:10  Shield Battery  
  37  9:11  Probe  
  38  9:19  Probe  
  39  9:25  Fleet Beacon  
  39  9:27  Probe  
  39  9:28  Probe  
  41  9:39  Assimilator, Probe  
  41  9:40  Probe  
  43  9:58  Tempest x2  
  55  10:15  Probe, Pylon  
  55  10:19  Probe  
  57  10:26  Shield Battery  
  57  10:31  Probe  
  54  10:56  Photon Cannon  
  47  11:39  Stargate x2  
  47  11:40  Probe  
  47  11:41  Pylon  
  48  11:49  Pylon  
  48  11:52  Probe  
  49  12:09  Probe  
  49  12:14  Robotics Facility  
  50  12:32  Probe  
  50  12:35  Fleet Beacon  
  51  12:47  Nexus  
  51  12:51  Probe  
  52  12:59  Probe  
  52  13:08  Probe  
  52  13:22  Tempest  
  58  13:36  Assimilator, Robotics Bay  
  58  13:41  Assimilator  
  58  13:59  Observer  
  58  14:02  Carrier  
  60  14:09  Probe  
  62  14:13  Pylon  
  62  14:20  Probe  
  62  14:21  Probe  
  64  14:28  Colossus  
  64  14:33  Probe x2  
  66  14:45  Probe  
  59  15:35  Pylon  
  59  15:36  Pylon  
  59  15:38  Pylon  
  59  15:39  Carrier  
  57  15:51  Pylon  
  62  16:02  Carrier  
  68  16:31  Observer  
  68  16:44  Robotics Bay  
  68  16:49  Nexus  
  68  17:09  Pylon  
  68  17:12  Probe  
  68  17:13  Pylon  
  69  17:24  Probe  
  70  17:51  Colossus  
  76  18:15  Probe, Pylon  
  76  18:16  Gateway  
  76  18:17  Pylon  
  76  18:18  Gateway  
  77  18:40  Observer, Gateway  
  77  18:43  Probe  
  78  18:53  Disruptor  
  78  18:55  Probe  
  82  19:07  Probe  
  83  19:10  Cybernetics Core  
  83  19:27  Gateway  
  83  20:02  Stalker  
  83  20:04  Gateway  
  83  20:06  Probe  
  90  20:07  Twilight Council  
  90  20:18  Observer  
  90  20:20  Extended Thermal Lance  
  90  20:21  Probe  
  93  20:33  Probe  
  88  20:53  Warp Gate  
  88  21:01  Templar Archives  
  88  21:03  Pylon  
  89  21:04  Probe  
  89  21:07  Probe  
  89  21:15  Probe  
  89  21:16  Probe  
  92  21:26  Nexus  
  92  21:27  Psionic Storm  
  92  21:28  Pylon  
  92  21:37  High Templar x3  
  92  21:38  High Templar x2  
  97  22:12  Carrier  
  97  22:13  Carrier  
  97  22:16  High Templar x2  
  97  22:20  Stalker  
  115  22:31  Pylon  
  115  22:35  Observer  
  116  22:38  Probe  
  117  22:50  Probe  
  118  23:08  Pylon  
  118  23:12  Pylon  
  111  23:44  Stalker  
  111  23:45  Stalker x2  
  117  23:51  Gateway  
  117  23:54  Gateway  
  117  24:01  Stalker x2  
  121  24:07  Pylon x2  
  121  24:15  Stalker x3  
  127  24:31  Stalker x2  
  119  24:44  Stalker x3  
  125  25:03  Stalker x2  
  129  25:39  Stalker x5  
  118  26:10  Pylon  
  118  26:11  Pylon  
  118  26:13  Pylon  
  118  26:15  Pylon  
  118  26:16  Pylon  
  118  26:30  Stalker x2  
  118  26:31  Stalker x2  
  126  26:53  Stalker x3  
  132  27:21  Zealot  
Tags
 
Add a new tag
Caveats
  • Supply blocks, unpowered buildings, or Contaminate may cause inaccurate times.
  • Supply counts are checked every 10 seconds.